 Dungeon Crawl Stone Soup version 0.19-b1-3-g7dea586 (webtiles) character file.

126 lorenzova the Sneak (level 4, -6/21 HPs)
             Began as a Spriggan Enchanter on Oct 29, 2016.
             Killed by divine providence
             ... invoked by an orc priest
              (13 damage)
             ... on level 3 of the Dungeon.
             The game lasted 00:03:40 (2992 turns).

lorenzova the Sneak (Spriggan Enchanter)            Turns: 2992, Time: 00:03:40

Health: -6/21      AC:  3    Str:  4    XL:     4   Next: 84%
Magic:  4/11       EV: 18    Int: 16    God:
Gold:   93         SH:  0    Dex: 17    Spells: 3 memorised, 5 levels left

rFire  . . .     SeeInvis +     a - +1 dagger
rCold  . . .     Gourm    .     b - +1 robe
rNeg   . . .     Faith    .     (shield restricted)
rPois  .         Spirit   .     o - +0 hat
rElec  .         Reflect  .     (no cloak)
rCorr  .         Harm     .     (gloves unavailable)
MR     .....                    (boots unavailable)
Stlth  +++.......               (no amulet)
                                (no ring)
                                (no ring)

@: very quick
A: unfitting armour, see invisible, herbivore 3, speed 3, slow metabolism 2
a: no special abilities


You were on level 3 of the Dungeon.
You were hungry.

You visited 1 branch of the dungeon, and saw 3 of its levels.

You collected 93 gold pieces.

Inventory:

Hand Weapons
 a - a +1 dagger (weapon)
Armour
 b - a +1 robe (worn)
 o - a +0 hat (worn)
Scrolls
 e - 2 scrolls of fog {unknown}
 f - a scroll of noise {unknown}
 h - 2 scrolls of enchant weapon {unknown}
 j - a scroll of teleportation {unknown}
 k - a scroll of recharging {unknown}
 l - a scroll of immolation {unknown}
 m - 4 scrolls of identify {unknown}
 q - 3 scrolls of blinking {unknown}
Potions
 g - a potion of berserk rage {unknown}
 i - a potion of degeneration {unknown}
 n - 2 potions of heal wounds {unknown}
 p - a potion of flight {unknown}
 t - a potion of agility {unknown}
Books
 c - a book of Maledictions

   Spells                             Type                      Level
   a - Corona                         Hexes                        1
   b - Ensorcelled Hibernation        Hexes/Ice                    2
   c - Confuse                        Hexes                        3
   d - Tukima's Dance                 Hexes                        3
   e - Dazzling Spray                 Conjuration/Hexes            3
Comestibles
 d - 2 bread rations
 r - a slice of pizza
 s - 4 fruits
 u - a royal jelly


   Skills:
 - Level 1.1 Short Blades
 - Level 3.0 Dodging
 + Level 6.3 Stealth
 + Level 4.0 Spellcasting
 + Level 4.8 Hexes


You had 5 spell levels left.
You knew the following spells:

 Your Spells              Type           Power        Failure   Level  Hunger
a - Corona                Hex            ###....      2%          1    None
b - Ensorcelled Hibernat  Hex/Ice        ##....       12%         2    ##.....
c - Confuse               Hex            ###.....     10%         3    ###....


Dungeon Overview and Level Annotations

Branches:
Dungeon (3/15)

Altars:
Cheibriados
Beogh

Annotations:
D:3 Terence


Innate Abilities, Weirdness & Mutations

You are very small and have problems with some larger weapons.
You are too small for most types of armour.
You have supernaturally acute eyesight. (SInv)
You are a herbivore.
You cover ground extremely quickly.
You need consume almost no food.


Message History

Press: ? - help, Shift-Dir - straight line, f/p - orc wizard
Aim: an orc wizard, wielding a dagger of venom and wearing a robe (chance to defeat MR: 49%)
The orc wizard appears confused.
Casting: Confuse
Confirm with . or Enter, or press ? or * to list all spells.
Aiming: Confuse
Press: ? - help, Shift-Dir - straight line, p - orc wizard You can't see that place. [the floor.]
Okay, then.
The orc wizard points at you and mumbles some strange words.
The magic dart hits you!
You strike the helpless orc wizard from behind!
You puncture the orc wizard!
You kill the orc wizard!
Your Spellcasting skill increases to level 4!
The orc priest calls down the wrath of Beogh upon you.
Beogh smites you!
Ouch! That really hurt!
You die...

<....... ##.##<#.##
....#... .##
#.....#..# ....#####
..# #........#
##....# #..
#....#.#.# # .##^#
#.# #....#.#.# . ..
.#.###
#.#..#...#>#.# . ..#
# ... #.#......#..†#
.. .#
#.###.######.#...##
#......@..........#
##.)###.######.....#
#...#.#.# #..P.P#
#.....#o# #(....#
#.#(..#.# #...###
#.#.#.o.# #####
#.#.##@## #### #
#...o.##$.$##
#####.#.8$8@#


You could see Terence, an orc priest, an orc wizard and an orc (wandering).

Vanquished Creatures
  An orc wizard (D:3)
  A centaur skeleton (D:3)
  2 hound skeletons (D:3)
  A worker ant zombie (D:3)
  An adder skeleton (D:3)
  2 leopard geckos
  3 orcs
  A giant cockroach (D:2)
  2 hobgoblins
  2 jackals (D:2)
  5 kobolds
  2 bats (D:1)
  2 frilled lizards (D:2)
  6 goblins
  5 rats
36 creatures vanquished.

Notes
Turn   | Place    | Note
-------+----------+-------------------------------------------
     0 | D:1      | lorenzova the Spriggan Enchanter began the quest for the Orb.
     0 | D:1      | Reached XP level 1. HP: 9/9 MP: 5/5
   443 | D:1      | Reached XP level 2. HP: 13/13 MP: 6/6
   447 | D:1      | Learned a level 2 spell: Ensorcelled Hibernation
   959 | D:2      | Reached skill level 5 in Stealth
  1823 | D:2      | Found a snail-covered altar of Cheibriados.
  1951 | D:3      | Reached XP level 3. HP: 14/16 MP: 8/8
  1956 | D:3      | Learned a level 3 spell: Confuse
  2911 | D:3      | Reached XP level 4. HP: 19/21 MP: 7/10
  2915 | D:3      | Reached skill level 6 in Stealth
  2974 | D:3      | Found a roughly hewn altar of Beogh.
  2975 | D:3      | Noticed Terence
  2992 | D:3      | Killed from afar by an orc priest

Skill      XL: |  1  2  3  4 |
---------------+-------------+-----
Spellcasting   | 3 4 |  4.0
Stealth        | 5 6 |  6.3
Hexes          | 4 |  4.8
Short Blades   | |  1.1
Dodging        | |  3.0

Action                   |  1- 3 |  4- 6 || total
-------------------------+-------+-------++-------
Melee: Dagger            |   132 |    13 ||   145
 Cast: Ensorcelled Hiber |    13 |       ||    13
       Confuse           |     3 |     2 ||     5
 Stab: Sleeping          |    13 |     2 ||    15
       Confused          |     2 |     1 ||     3
Armor: Robe              |    17 |     1 ||    18
Dodge: Dodged            |   110 |     8 ||   118
